 Dungeon Crawl Stone Soup version 0.20.1-1-g8b1a95d (webtiles) character file.

84 Gremour the Slasher (level 4, 0/35 HPs)
             Began as a Demonspawn Monk on Sept 22, 2017.
             Was a Believer of Okawaru.
             Slain by an adder (3 damage)
             ... on level 1 of the Dungeon.
             The game lasted 00:09:25 (1748 turns).

Gremour the Slasher (Demonspawn Monk)               Turns: 1748, Time: 00:09:26

Health: 0/35       AC: 10    Str: 12    XL:     4   Next: 23%
Magic:  0/4        EV:  3    Int: 11    God:    Okawaru [**....]
Gold:   110        SH:  0    Dex: 16    Spells: 3/3 levels left

rFire    . . .     SeeInvis .   a - +0 falchion
rCold    . . .     Gourm    .   (no shield)
rNeg     . . .     Faith    .   e - +0 plate armour
rPois    .         Spirit   +   (helmet restricted)
rElec    .         Reflect  .   (no cloak)
rCorr    .         Harm     .   (no gloves)
MR       .....                  (no boots)
Stlth    ..........             (no amulet)
Regen    0.2/turn               (no ring)
MPRegen  0.1/turn               (no ring)

@: no status effects
A: horns 2, magic shield
a: Heroism, Renounce Religion


You were on level 1 of the Dungeon.
You worshipped Okawaru.
Okawaru was pleased with you.
You were not hungry.

You visited 1 branch of the dungeon, and saw 3 of its levels.

You collected 110 gold pieces.

Inventory:

Hand Weapons
 a - a +0 falchion (weapon)
Armour
 b - a +0 robe
 e - a +0 plate armour (worn)
Wands
 m - a wand of iceblast (13/15)
Scrolls
 d - a scroll of noise {unknown}
 g - a scroll of blinking {unknown}
 h - 2 scrolls of remove curse {unknown}
Potions
 l - a potion of lignification {unknown}
Comestibles
 c - 2 bread rations
 f - a royal jelly
 k - a meat ration


   Skills:
 + Level 3.5 Fighting
 + Level 3.6 Long Blades
 * Level 0.8 Armour
 + Level 3.1 Dodging
 + Level 1.9 Stealth
 * Level 0.3 Invocations


You had 3 spell levels left.
You didn't know any spells.

Dungeon Overview and Level Annotations

Branches:
Dungeon (3/15)

Altars:
Okawaru
Trog
Vehumet
Yredelemnul

Annotations:
D:3 Ijyb; Patate's ghost, amateur HOCK


Innate Abilities, Weirdness & Mutations

You have a pair of horns on your head.
When hurt, damage is shared between your health and your magic reserves.


Message History

The adder barely misses you.
You riposte.
You hit the adder. Your headbutt misses the adder.
The adder is heavily wounded.
The gnoll hits you from afar with a spear.
* * * LOW HITPOINT WARNING * * *
The adder bites you but does no damage.
There is a stone staircase leading up here.
The adder bites you.
* * * LOW HITPOINT WARNING * * *
The gnoll hits you from afar with a spear.
* * * LOW HITPOINT WARNING * * *
You climb upwards.
There is a stone staircase leading down here.
Unknown command.
Unknown command.
Okay, then.
You miss the adder. Your headbutt misses the adder.
The adder is heavily wounded.
The adder bites you.
You die...

######### #.......#
#.#####.# #.# #.#
############# #.#
###.####............ #.#
#........##...#####. #.#
#.#S######.....# #. #.#
#.#@# ##...## ##
#.###.#.# ##.## #
#.......## #.# #
#........# #.# #
#.###.##.# ##'## # #.#
#....# ##...## #
#.######.# ##..)..## #
#........# ##.......## #
#####....###........)###


You could see an adder.

Vanquished Creatures
  A gnoll (D:2)
  An adder (D:2)
  7 dart slugs
  A giant cockroach (D:2)
  7 goblins
  8 hobgoblins
  7 bats
  2 frilled lizards
  8 kobolds
  9 rats
51 creatures vanquished.

Notes
Turn   | Place    | Note
-------+----------+-------------------------------------------
     0 | D:1      | Gremour the Demonspawn Monk began the quest for the Orb.
     0 | D:1      | Reached XP level 1. HP: 18/18 MP: 1/1
   448 | D:1      | Gained mutation: When hurt, damage is shared between your health and your magic reserves. [demonic ancestry]
   448 | D:1      | Reached XP level 2. HP: 24/24 MP: 2/2
  1053 | D:1      | Gained mutation: You have a pair of small horns on your head. [demonic ancestry]
  1053 | D:1      | Reached XP level 3. HP: 25/29 MP: 3/3
  1309 | D:2      | Found an iron altar of Okawaru.
  1313 | D:2      | Found a bloodstained altar of Trog.
  1313 | D:2      | Found a radiant altar of Vehumet.
  1313 | D:2      | Found a basalt altar of Yredelemnul.
  1331 | D:2      | Became a worshipper of Warmaster Okawaru
  1331 | D:2      | Reached * piety under Okawaru
  1331 | D:2      | Reached ** piety under Okawaru
  1490 | D:2      | HP: 1/29 [gnoll/halberd (2)]
  1518 | D:3      | Gained mutation: You have a pair of horns on your head. [demonic ancestry]
  1518 | D:3      | Reached XP level 4. HP: 3/35 MP: 2/4
  1682 | D:3      | Noticed Patate's ghost (amateur HOCK)
  1712 | D:3      | Noticed Ijyb
  1748 | D:1      | Slain by an adder

Skill      XL: |  1  2 |
---------------+-------+-----
Long Blades    | 3 |  3.6
Dodging        | 3 |  3.1
Fighting       | |  3.5
Armour         | |  0.8
Stealth        | |  1.9
Invocations    | |  0.3

Action                   |  1- 3 |  4- 6 || total
-------------------------+-------+-------++-------
Melee: Falchion          |   140 |    17 ||   157
       Headbutt          |    11 |     3 ||    14
  Use: Potion            |       |     1 ||     1
  Eat: Chunk             |     2 |     1 ||     3
Armor: Plate armour      |   104 |    18 ||   122
       Robe              |     3 |       ||     3
Dodge: Dodged            |    24 |     7 ||    31
       Rpst.: Falchion   |     7 |     2 ||     9
